 Dungeon Crawl Stone Soup version 0.14-a0-305-g056651f (webtiles) character file.

415 PolkaDot the Chiller (level 5, -8/35 HPs)
             Began as a Vampire Ice Elementalist on Oct 19, 2013.
             Was a Follower of Sif Muna.
             Mangled by an ogre
             ... wielding a cursed +0,-2 giant club
              (17 damage)
             ... while paralysed by a potion of paralysis
             ... on Level 4 of the Dungeon.
             The game lasted 00:20:50 (3103 turns).

PolkaDot the Chiller (Vampire Ice Elementalist)     Turns: 3103, Time: 00:20:50

HP  -8/35        AC  4     Str  7      XL: 5   Next: 90%
MP   9/9         EV  2     Int 18      God: Sif Muna [*.....]
Gold 162         SH  0     Dex 14      Spells:  2 memorised,  2 levels left

Res.Fire  : . . .   See Invis. : +   k - +4,+2 spear (slay drac)
Res.Cold  : . . .   Warding    : .   a - +0 robe
Life Prot.: + . .   Conserve   : .   (no shield)
Res.Poison: .       Res.Corr.  : .   (no helmet)
Res.Elec. : .       Clarity    : +   l - +1 cloak
Sust.Abil.: + .     Spirit.Shd : .   (no gloves)
Res.Mut.  : .       Stasis     : .   (no boots)
Res.Rott. : .       Flight     : .   j - amulet of clarity {unknown}
Saprovore : . . .                    q - ring of sustain abilities
                                     m - ring of positive energy

@: paralysed, regenerating quickly, slowed, slightly resistant to hostile
enchantments, stealthy
A: fangs 3, see invisible, unbreathing
a: Channel Energy, Renounce Religion


You were on level 4 of the Dungeon.
You worshipped Sif Muna.
Sif Muna was aware of your devotion.
You were very full.

You visited 1 branch of the dungeon, and saw 4 of its levels.

You collected 142 gold pieces.

Inventory:

Hand weapons
 k - a +4,+2 spear of dragon slaying (weapon)
Missiles
 d - 34 darts (quivered)
 g - a steel dart
Armour
 a - a +0 robe (worn)
 l - a +1 cloak (worn)
Scrolls
 c - a scroll of amnesia
 f - a scroll of teleportation
 s - 2 scrolls of remove curse
 t - a scroll of enchant weapon I
Jewellery
 j - an amulet of clarity (around neck) {unknown}
 m - a ring of positive energy (left hand)
 q - a ring of sustain abilities (right hand)
Potions
 e - a potion of curing
 h - 2 potions of mutation {unknown}
 o - a potion of might {unknown}
 r - 3 potions of resistance {unknown}
Books
 b - a book of Frost

   Spells                             Type                      Level
   *Freeze                            Ice                          1
   Throw Frost                        Conjuration/Ice              2
   *Ozocubu's Armour                  Charms/Ice                   3
   Throw Icicle                       Conjuration/Ice              4
   Summon Ice Beast                   Ice/Summoning                4
   Condensation Shield                Ice                          4


   Skills:
 - Level 2.1 Dodging
 - Level 3.0 Stealth
 + Level 1.0 Spellcasting
   Level 0.6 Conjurations
 + Level 0.4 Charms
 * Level 6.6 Ice Magic


You had 2 spell levels left.
You knew the following spells:

 Your Spells              Type           Power        Failure   Level  Hunger
a - Freeze                Ice            ###.         1%          1    ##.....
b - Ozocubu's Armour      Chrm/Ice       ##........   17%         3    ####...


Dungeon Overview and Level Annotations

Branches:
Dungeon (4/27)
 Temple: D:4-7

Altars:
Sif Muna


Innate Abilities, Weirdness & Mutations

Your natural rate of healing is unusually fast.
You have razor-sharp teeth.*
You have supernaturally acute eyesight.
You can survive without breathing.*


Message History

Where to? (Enter - D:3, ? - help)
There is an open door here.
There is an open door here.
There is a stone staircase leading down here.
You climb downwards.
An ogre comes into view. It is wielding a giant club.
The ogre shouts!
Found a scroll of noise, a dwarven ring mail and a whip.
There is a stone staircase leading up here.
Okay, then.
Drink which item? (? for menu, Esc to quit)
You feel yourself slow down.
It was a potion of slowing.
Drink which item? (? for menu, Esc to quit)
You suddenly lose the ability to move!
It was a potion of paralysis.
The ogre hits you with a giant club. The ogre hits you with a giant club!
Ouch! That really hurt!
* * * LOW HITPOINT WARNING * * *
The ogre hits you with a giant club!
You die...

## #. #. #
#.### #
###.#.....#
#.......#.#.#
#.........?#
#.O@#
#......#
####...#
#...# #...#
#...# #...#
)...# .##


You could see an ogre.

Vanquished Creatures
  A crimson imp (D:3)
  An orc priest (D:3)
  Ijyb (D:3)
  5 adders
  A giant mite (D:2)
  4 worms
  3 giant geckos
  6 orcs (D:3)
  2 ball pythons
  10 bats
  4 giant cockroaches
  9 goblins
  12 hobgoblins
  3 jackals (D:2)
  9 kobolds
  A quokka (D:3)
  12 giant newts
  5 rats
89 creatures vanquished.

Notes
Turn   | Place    | Note
--------------------------------------------------------------
     0 | D:1      | PolkaDot, the Vampire Ice Elementalist, began the quest for the Orb.
     0 | D:1      | Reached XP level 1. HP: 13/13 MP: 4/4
   282 | D:1      | Reached XP level 2. HP: 19/19 MP: 3/5
   557 | D:1      | Reached skill level 4 in Ice Magic
   685 | D:1      | Reached XP level 3. HP: 22/24 MP: 4/6
  1201 | D:2      | Found a deep blue altar of Sif Muna.
  1202 | D:2      | Reached XP level 4. HP: 30/30 MP: 8/8
  1252 | D:2      | Learned a level 3 spell: Ozocubu's Armour
  1646 | D:2      | Became a worshipper of Sif Muna the Loreminder
  1762 | D:2      | Reached skill level 5 in Ice Magic
  2264 | D:3      | Reached XP level 5. HP: 35/35 MP: 6/9
  2369 | D:3      | Noticed Ijyb
  2379 | D:3      | Killed Ijyb
  2379 | D:3      | Reached skill level 6 in Ice Magic
  2702 | D:3      | Acquired Sif Muna's first power
  2704 | D:3      | HP: 1/35 [worm (10)]
  3098 | D:4      | Noticed an ogre
  3100 | D:4      | Paralysed by a potion of paralysis for 5 turns
  3103 | D:4      | Mangled by an ogre

Action                   |  1- 3 |  4- 6 || total
-------------------------+-------+-------++-------
Melee: Unarmed           |     2 |       ||     2
       Spear             |    67 |    40 ||   107
Throw: Dart              |    94 |   115 ||   209
 Cast: Freeze            |    35 |    63 ||    98
       Ozocubu's Armour  |       |     9 ||     9
 Abil: End Transformatio |       |     1 ||     1
       Bat Form          |       |     1 ||     1
  Use: Scroll            |     1 |    13 ||    14
       Potion            |       |     4 ||     4
 Stab: Sleeping          |     4 |     1 ||     5
